Cogmind - Beta 15 @@@ ROGUE MODE // 2025.06.16 @ 22:12:51 Player: quak Result: Destroyed by KC-V2L(R) with Subdweller Beam Cannon Performance ------------- Evolutions (0) 0 Regions Visited (3) 600 Robots Destroyed (37) 185 Value Destroyed (712) 712 Prototype IDs (0) 0 Alien Tech Used (0) 0 Bonus (0) 0 TOTAL SCORE: 1497 Bonus ------- None Cogmind --------- Core Integrity 0/250 Matter 249/300 Energy 99/100 System Corruption 0% Temperature Cool (9) Movement Core (100) Ox1 Location -10/Subcaves Parts ------- > --- POWER (1) -------- (None) > --- PROPULSION (2) --- (None) > --- UTILITY (2) ------ Small Storage Unit Signal Interpreter > --- WEAPON (2) ------- Mining Laser > --- INVENTORY (8) ---- Machine Analyzer Sensor Array Signal Interpreter Hacking Suite Makeshift Hacking Suite Battle Cannon Peak State ------------ > --- POWER ------------ Light Nuclear Core > --- PROPULSION ------- Aluminum Leg Aluminum Leg > --- UTILITY ---------- High-capacity Storage Unit Seismic Detector > --- WEAPON ----------- Beam Cannon Light Assault Rifle > --- INVENTORY -------- Small Storage Unit Sensor Array Sensor Array Signal Interpreter Hacking Suite Grenade Launcher Grenade Launcher Mining Laser [Rating: 10] Favorites ----------- Power Light Nuclear Core Engine Ion Engine Power Core Light Nuclear Core Propulsion Aluminum Leg Treads Light Treads Leg Aluminum Leg Wheel Subdweller Monowheel Utility Small Storage Unit Device Seismic Detector Storage Small Storage Unit Processor Signal Interpreter Weapon Beam Cannon Energy Gun Medium Laser Energy Cannon Beam Cannon Ballistic Gun Light Assault Rifle Ballistic Cannon Battle Cannon Launcher Grenade Launcher Special Weapon Mining Laser Build | -11 -10 -10 -10 ------- Run | Yrd Mat Min Sub Slots Evolved . | . . . . Power . | . . . . Propulsion . | . . . . Utility . | . . . . Weapon . | . . . . Parts Attached 26 | 7 12 2 5 Power 3 | 1 2 . . Engine 2 | 1 1 . . Core 1 | . 1 . . Reactor . | . . . . Propulsion 7 | 2 4 . 1 Treads 2 | . 2 . . Leg 4 | 2 2 . . Wheel 1 | . . . 1 Hover . | . . . . Flight . | . . . . Utility 4 | 2 1 1 . Device 1 | 1 . . . Storage 2 | 1 1 . . Processor 1 | . . 1 . Hackware . | . . . . Protection . | . . . . Artifact . | . . . . Weapon 12 | 2 5 1 4 Energy Gun 2 | 1 1 . . Energy Cannon 2 | . 2 . . Ballistic Gun 5 | 1 1 1 2 Ballistic Cannon 1 | . . . 1 Launcher 1 | . . . 1 Special Weapon 1 | . 1 . . Impact Weapon . | . . . . Slashing Weapon . | . . . . Piercing Weapon . | . . . . Special Melee Weapon . | . . . . Unidentified Prototypes . | . . . . Parts Lost 11 | . 3 1 7 Power 1 | . . 1 . Propulsion 4 | . 1 . 3 Utility . | . . . . Weapon 6 | . 2 . 4 Highest Loss Streak 4 | . 2 1 4 To Critical Strikes . | . . . . Average Backups 7 | 2 7 8 7 Power . | . . . . Propulsion . | 1 1 . . Utility 3 | . 2 5 4 Weapon 2 | . 2 3 2 Tool/Special . | . . . . Unused Backups 9 | . 3 . 6 Power 1 | . 1 . . Propulsion . | . . . . Utility 7 | . 2 . 5 Weapon 1 | . . . 1 Tool/Special . | . . . . Average Slot Usage (%) 81 | . 93 93 55 Engine 3 | . 8 . . Core 4 | . 5 8 . Treads 6 | . 13 . . Leg 12 | . 9 28 7 Wheel 1 | . . . 4 Device 8 | . 14 8 . Storage 14 | . 14 14 14 Processor 5 | . . 5 14 Energy Gun 1 | . 4 . . Energy Cannon 9 | . 10 14 6 Ballistic Gun 11 | . 13 14 7 Peak Build Rating 10 | 7 10 10 9 Average Rating 7 | 5 8 8 5 On Entrance 6 | . 7 10 7 Naked Turns . | . . . . Heaviest Build 50 | 15 50 15 10 Greatest Support 40 | 20 40 20 20 Greatest Overweight (x) 2 | 1 2 . 2 Average Overweight (x) . | . . . . Largest Inventory Capacity 20 | 8 20 8 8 Average Capacity 9 | 7 10 8 8 Most Carried 8 | 3 8 8 8 Average Carried 7 | 2 7 8 7 Final Capacity 8 | 8 8 8 8 Final Carried 8 | 3 8 8 6 Class Distribution -------------------- 85% | Mutant 14% | Scavenger-Mutant Dominant Class ---------------- Mutant | -10/Materials Scavenger-Mutant | -10/Mines Mutant | -10/Subcaves Resources | -11 -10 -10 -10 ----------- Run | Yrd Mat Min Sub Matter Collected 876 | 282 446 60 88 Remotely . | . . . . Salvage Created 926 | 99 640 81 106 Parts 69 | 12 46 6 5 Haulers Intercepted 1 | . 1 . . Recyclers Shooed . | . . . . Parts Field Recycled . | . . . . Retrieved Matter . | . . . . Parts Self-Destructed 13 | . . . 13 Prevented . | . . . . Kills | -11 -10 -10 -10 ------- Run | Yrd Mat Min Sub Combat Hostiles Destroyed 27 | . 17 6 4 Melee 1 | . . . 1 Guns 16 | . 11 3 2 Cannons 10 | . 6 3 1 Classes Destroyed 9 | 1 7 . 1 Worker 1 | . 1 . . Builder 1 | . 1 . . Tunneler 4 | 4 . . . Hauler 1 | . 1 . . Operator 1 | . 1 . . Watcher 2 | . 2 . . Swarmer 15 | . 9 6 . Grunt 8 | . 8 . . Subdweller 4 | . . . 4 Best Kill Streak 4 | 4 4 3 1 Combat Bots Only 3 | . 3 3 1 Max Kills in Single Turn 2 | 1 2 1 1 Gunslinging 1 | . 1 . . Exploded . | . . . . Melee 1 | . . . 1 Uniques/NPCs Destroyed . | . . . . Combat | -11 -10 -10 -10 -------- Run | Yrd Mat Min Sub Hostile Shots Fired 186 | . 106 41 39 Missed 44 | . 26 9 9 Hits 142 | . 80 32 30 Projectile 142 | . 80 32 30 Critical Strikes 3 | . 1 2 . Damage Taken 1675 | . 768 264 643 Core 269 | . 80 48 141 Absorbed by Shields . | . . . . Core Remaining (%) 100 | 100 . . . Volleys Fired 169 | 4 120 18 27 Largest 2 | 2 2 2 2 Hottest 100 | 70 100 80 100 Shots Fired 247 | 8 167 36 36 Gun 183 | 8 134 18 23 Cannon 58 | . 32 18 8 Launcher 4 | . . . 4 Special 2 | . 1 . 1 Kinetic 167 | 4 115 18 30 Thermal 76 | 4 52 18 2 Explosive 4 | . . . 4 Electromagnetic . | . . . . Robot Hit Streak 21 | 4 13 13 21 Robot Miss Streak 5 | 1 5 2 3 Penetration Max . | . . . . Secondary Targets 1 | . 1 . . Max Gunslinging Chain 1 | . 1 . . Shots Hit Robots 164 | 6 105 23 30 Core Hits 56 | 4 35 8 9 Critical Kills . | . . . . Critical Parts Destroyed 2 | . 2 . . Critical Strikes 4 | . 3 . 1 Burn 1 | . 1 . . Destroy 3 | . 2 . 1 Melee Attacks . | . . . . Impact . | . . . . Slashing . | . . . . Piercing . | . . . . Sneak Attacks . | . . . . Combat Hostiles . | . . . . Follow-up Attacks . | . . . . Damage Inflicted 2230 | 80 1311 331 508 Guns 1357 | 72 926 101 258 Cannons 704 | . 385 220 99 Explosions 144 | . . . 144 Melee . | . . . . Ramming 25 | 8 . 10 7 Kinetic 1289 | 48 800 101 340 Thermal 772 | 24 511 220 17 Explosive 144 | . . . 144 Electromagnetic . | . . . . Impact . | . . . . Slashing . | . . . . Piercing . | . . . . Highest Corruption . | . . . . Average Corruption . | . . . . Corruption Purged . | . . . . Corruption Blocked . | . . . . Overload Shots . | . . . . Overflow Damage 17 | . . 16 1 Projectiles 16 | . . 16 . Explosions 1 | . . . 1 Melee . | . . . . Knockbacks 1 | . . . 1 Impact . | . . . . Kinetic 1 | . . . 1 Secondary . | . . . . Self-Inflicted Damage 51 | . . . 51 Shots 3 | . . . 3 Rammed 4 | . . . 4 Targets Rammed 9 | 2 1 2 4 Kicked 5 | 2 1 2 . Crushed . | . . . . Highest Temperature 211 | 18 211 192 . Average Temperature 54 | 8 43 97 . Received Heat Transfer 327 | . 198 . 129 Siege Activations . | . . . . Martial Activations . | . . . . Shielding Activations . | . . . . Robots Disrupted . | . . . . Combat Hostiles . | . . . . Robots Corrupted . | . . . . Combat Hostiles . | . . . . Parts Fried . | . . . . Impact Corruptions . | . . . . Robots Melted . | . . . . Combat Hostiles . | . . . . Parts Melted 5 | . 5 . . Heat Transferred 1813 | 74 1258 444 37 Parts Sabotaged . | . . . . Parts Stolen . | . . . . Parts Stripped . | . . . . Power Chain Reactions . | . . . . Alert | -11 -10 -10 -10 ------- Run | Yrd Mat Min Sub Maximum Alert Level . | . . . . Low Security (%) 100 | 100 100 100 . Level 1 . | . . . . Level 2 . | . . . . Level 3 . | . . . . Level 4 . | . . . . Level 5 . | . . . . High Security . | . . . . Max Security . | . . . . Peak Influence 156 | 10 156 65 . Initial 15 | . . 15 . Average 41 | . 54 15 . Influence Increases 709 | 20 534 155 . Destroy 0b10 Robot/C 460 | . 340 120 . Destroy 0b10 Robot/NC 50 | 20 30 . . Destroy Leader 86 | . 66 20 . Successful Hack 22 | . 22 . . Disable Machine 30 | . 30 . . Destroy Structure 1 | . 1 . . Lose Combat Pursuer 60 | . 45 15 . Influence Decreases 709 | 20 493 196 . Entered New Map 26 | . . 26 . Time Decay 653 | 20 463 170 . Lost Part 30 | . 30 . . Squads Dispatched 1 | . 1 . . Investigation . | . . . . Extermination . | . . . . Reinforcement 1 | . 1 . . Assault . | . . . . Garrison . | . . . . Intercept . | . . . . Searches Triggered . | . . . . Construction Impeded . | . . . . Haulers Reinforced . | . . . . Active Scanning Responses . | . . . . Cargo Convoy Interrupts . | . . . . Stealth | -11 -10 -10 -10 --------- Run | Yrd Mat Min Sub Distress Signals 3 | . 3 . . Communications Jammed . | . . . . Distress Signals . | . . . . Times Spotted 50 | . 35 9 6 Peak Tracking Total 6 | . 6 3 2 Tactical Retreats 3 | . 2 1 . Traps | -11 -10 -10 -10 ------- Run | Yrd Mat Min Sub Traps Triggered 4 | . 4 . . Indirectly . | . . . . Trap Hack Attempts . | . . . . Triggered . | . . . . Disarmed . | . . . . Reprogrammed . | . . . . Reused . | . . . . Traps Extracted . | . . . . Installed . | . . . . Triggered . | . . . . Machines | -11 -10 -10 -10 ---------- Run | Yrd Mat Min Sub Machines Disabled 2 | . 2 . . Max in Single Turn 1 | . 1 . . Machines Repaired . | . . . . Machines Dismantled . | . . . . Machines Sabotaged . | . . . . Overloaded Fab Kills . | . . . . Hacking | -11 -10 -10 -10 --------- Run | Yrd Mat Min Sub Machines Accessed 10 | . 9 . 1 Terminals 7 | . 7 . . Fabricators . | . . . . Repair Stations . | . . . . Recycling Units 2 | . 2 . . Scanalyzers . | . . . . Garrison Access . | . . . . Total Hacks 22 | . 18 . 4 Successful 10 | . 6 . 4 Failed 11 | . 11 . . Catastrophic 1 | . 1 . . Database Lockouts 1 | . 1 . . Manual 9 | . 9 . . Terminals 14 | . 14 . . Fabricators . | . . . . Repair Stations . | . . . . Recycling Units 4 | . 4 . . Scanalyzers . | . . . . Garrison Access . | . . . . Terminal Hacks 8 | . 4 . 4 Record 4 | . . . 4 Robot Analysis 2 | . 2 . . Locate Traps 1 | . 1 . . Hauler Manifests 1 | . 1 . . Fabricator Hacks . | . . . . Repair Station Hacks . | . . . . Recycling Unit Hacks 2 | . 2 . . Report Inventory 1 | . 1 . . Retrieve Components 1 | . 1 . . Scanalyzer . | . . . . Garrison Access Hacks . | . . . . Unauthorized Hacks . | . . . . Terminals . | . . . . Fabricators . | . . . . Repair Stations . | . . . . Recycling Units . | . . . . Scanalyzers . | . . . . Garrison Access . | . . . . Data Cores Recovered . | . . . . Used . | . . . . Hacking Detections 8 | . 8 . . Full Trace Events . | . . . . Feedback Events . | . . . . Feedback Blocked . | . . . . Robot Schematics Acquired . | . . . . Robots Built . | . . . . Authchips . | . . . . Time . | . . . . Total Robot Build Rating . | . . . . Part Schematics Acquired . | . . . . Parts Built . | . . . . Authchips . | . . . . Time . | . . . . Total Part Build Rating . | . . . . Parts Repaired . | . . . . Time . | . . . . Parts Recycled . | . . . . Recycled Matter . | . . . . Retrieved Matter . | . . . . Retrieved Components 3 | . 3 . . Parts Scanalyzed . | . . . . Part Schematics Acquired . | . . . . Parts Damaged . | . . . . Bothacking | -11 -10 -10 -10 ------------ Run | Yrd Mat Min Sub Used RIF Installer . | . . . . Robots Hacked . | . . . . Non-combat . | . . . . Combat . | . . . . Robot Hacks Applied . | . . . . Relay Couplers Released . | . . . . Fabnet Peak Effective % . | . . . . Robots Rewired . | . . . . Allies Hacked . | . . . . Hacks Repelled . | . . . . Allies | -11 -10 -10 -10 -------- Run | Yrd Mat Min Sub Total Allies . | . . . . Largest Group . | . . . . Highest-Rated Group . | . . . . Highest-Rated Ally . | . . . . Total Orders . | . . . . Ally Attacks . | . . . . Total Damage . | . . . . Kills . | . . . . Allies Corrupted . | . . . . Allies Melted . | . . . . Intel | -11 -10 -10 -10 ------- Run | Yrd Mat Min Sub Active Infowar (turns) 2313 | 17 1830 466 . Seismic 2313 | 17 1830 466 . Robot Analysis Total 2 | . 2 . . Derelict Logs Recovered 4 | . . 2 2 Drone Launches . | . . . . Drone Recoveries . | . . . . Exploration | -11 -10 -10 -10 ------------- Run | Yrd Mat Min Sub Turns Passed 3945 | 99 1830 751 1265 Spaces Moved 2553 | 61 865 563 1064 Core 578 | 3 . . 575 Treads 555 | . 555 . . Legs 1420 | 58 310 563 489 Wheels . | . . . . Hover . | . . . . Flight . | . . . . Fastest Speed 50 | 50 120 120 100 Average Speed 130 | 118 162 120 109 Slowest Speed 260 | 190 260 120 150 Overloaded Moves . | . . . . Propulsion Burnouts . | . . . . Robots Hopped . | . . . . Potential Cave-ins . | . . . . Cave-ins Triggered . | . . . . Exploration Rate (%) 62 | 4 97 99 49 Regions Visited 3 Branch Regions 2 Pre-discovered Areas . | . . . . Known Exits Taken 1 | . . 1 . Unknown Exits Taken 2 | 1 1 . . Scrap Searched 3 | . . 1 2 Spaces Dug . | . . . . Terrain Destroyed 22 | . . . 22 Melee . | . . . . Projectile 2 | . . . 2 AOE 20 | . . . 20 Terrain Rammed . | . . . . Walls Destroyed . | . . . . Machines Disabled . | . . . . Actions | -11 -10 -10 -10 --------- Run | Yrd Mat Min Sub Total 2934 | 76 1124 605 1129 Wait 129 | . 90 20 19 Move 2550 | 60 864 562 1064 Hop . | . . . . Pick Up 17 | 3 11 . 3 Fast Attach 20 | 7 10 . 3 Attach 6 | . 3 . 3 Detach 4 | . 2 . 2 Swap 14 | . 12 2 . Drop 16 | . 11 1 4 Fire 169 | 4 120 18 27 Melee . | . . . . Ram 4 | . . . 4 Kick 5 | 2 1 2 . Crush . | . . . . Escape Stasis . | . . . . Rewire . | . . . . Trap . | . . . . Miscellaneous . | . . . . Route ------- -11/Scrapyard -10/Materials (discovered 6 exits: *Mat x3 / [*Min x2] / *Sub) -10/Mines (discovered 3 exits: *Mat x2 / *Sub) -10/Subcaves (discovered 2 exits: *Mat / Rec) History --------- Turn | Location | Event 27 | -11/Scrapyard | Discovered new exit (range 15) 100 | -11/Scrapyard | Entered Materials 169 | -10/Materials | Discovered new exit (range 14) 300 | -10/Materials | Build established: Mutant 369 | -10/Materials | Discovered new exit (range 10) 741 | -10/Materials | Discovered new exit (range 11) 948 | -10/Materials | Discovered new exit (range 15) 1012 | -10/Materials | Discovered new exit (range 15) 1666 | -10/Materials | Discovered new exit (range 9) 1679 | -10/Materials | Central database locked down 1930 | -10/Materials | Entered Mines 1951 | -10/Mines | Joined a pair of Derelicts in attacking an 0b10 outpost 2087 | -10/Mines | Build established: Scavenger-Mutant 2374 | -10/Mines | Core integrity fell below 50% 2392 | -10/Mines | Discovered new exit (range 4) 2397 | -10/Mines | Identified exit to Materials 2459 | -10/Mines | Discovered exit to Materials (range 8) 2610 | -10/Mines | Discovered new exit (range 6) 2615 | -10/Mines | Identified exit to Subcaves 2664 | -10/Mines | Build established: Mutant 2681 | -10/Mines | Entered Subcaves 2682 | -10/Subcaves | Approached by a straggling Scientist 2682 | -10/Subcaves | Identified exit to Recycling 2735 | -10/Subcaves | A swath of the cavern ceiling suddenly collapsed 2737 | -10/Subcaves | Learned Materials terminal intel 2919 | -10/Subcaves | Visited Clippyterm 2922 | -10/Subcaves | Learned Factory stockpile data 2922 | -10/Subcaves | Learned Factory garrison access intel 3355 | -10/Subcaves | Lost 4 parts (2n2w) 3382 | -10/Subcaves | Shifting Twisted Machinery released Sub. Machine Gun 3406 | -10/Subcaves | Discovered new exit (range 10) 3407 | -10/Subcaves | Shifting Twisted Machinery released Spk. Treads 3417 | -10/Subcaves | Identified exit to Materials 3617 | -10/Subcaves | Shifting Twisted Machinery released Mak. Hacking Suite 3619 | -10/Subcaves | Shifting Twisted Machinery released Mak. Light Armor Plating 3694 | -10/Subcaves | Core integrity fell below 20% 3926 | -10/Subcaves | Learned Materials security intel 3946 | -10/Subcaves | Destroyed by KC-V2L(R) with Subdweller Beam Cannon Last Messages --------------- Mak. Light Armor Plating falls loose from the Twisted Machinery. 03625_ Dropped Grenade Launcher. 03625_ Acquired Mak. Hacking Suite. 03674_ 68-K3O(R): "WEHOME!" 03694_ Grenade Launcher destroyed. 03694_ Destroyed Grenade Launcher. 03707_ Destroyed Scrap Shield. 03707_ 68-K3O(R) knocked back. 03709_ 68-K3O(R) destroyed. 03710_ O9-ZJE(u) tweaks Twisted Machinery. 03714_ Acquired 2 matter. 03717_ Acquired 7 matter. 03720_ The unstable cave ceiling collapses. 03722_ Acquired 5 matter. 03737_ Acquired 30 matter. 03739_ Subatomizers dissect the Disposable Heat Sink. 03740_ Acquired 5 matter. 03760_ The unstable cave ceiling collapses. 03926_ Acquired derelict log, extracted data. Data stored: Materials security intel. Map ----- +----------------------------------------------------+ | | | | | | | ?????????????????????????????????????????????????? | | ?????????????????????????????????????????????????? | | ?????????????????????????????????????????????????? | | ?????????????????????????????????????????????????? | | ?????????????????????????????????????????????????? | | ?????????????????????????????????????????????????? | | ?????????????????????????????????????????????????? | | ?????????????????????????????????????????????????? | | ?????????????????????????????????????????????????? | | ?????????????????????????????????????????????????? | | ?????????????????????????????????????????????????? | | ?????????????????????????????????????????????????? | | ?????????????????????????????????????????????????? | | ?????????????????????????????????????????????????? | | ###########????????????????###???????????????????? | | ## #"#"#"####"#??????????## ##??????????????????? | | "="""" " #??????????# #??????????????????? | | < "#??????????## #??????????????????? | | ###"# " #????????# #??????????????????? | | ########????"" #???????## #??????????????????? | | # #?## "##??#?? ?????#### #??????????????????? | | # #### "#? #?" ????## R##?????????????????? | | ## ##### ##" ##??## @ ##????????????????? | | ##"" ##" #?## R #????????????????? | | " ""#?#" #?# #### " "#????????????? | | # ##["#"###" ### ##??# " #???????????? | | # #######?## ### #??? ???????????? | | ## #####?## #??? "??????????? | | # # ""### ## ##?? ""??????????? | | ### #??? "" ??????????? | | " ##### ##??? " ??????????? | | ## ## " # # #???####???? ???????????? | | #####################????????????? ???????????? | | #?????????????????????????????????? ?????????????? | | #????????????????????????????????????????????????? | | #????????????????????????????????????????????????? | | #????????????????????????????????????????????????? | | ?????????????????????????????????????????????????? | | ?????????????????????????????????????????????????? | | ?????????????????????????????????????????????????? | | ?????????????????????????????????????????????????? | | ?????????????????????????????????????????????????? | | ?????????????????????????????????????????????????? | | ?????????????????????????????????????????????????? | | ?????????????????????????????????????????????????? | | ?????????????????????????????????????????????????? | | ?????????????????????????????????????????????????? | +----------------------------------------------------+ Best States ------------- Heat Dissipation 25 Energy Generation 14 Energy Capacity 250 Matter Stores 300 Matter Capacity 300 Sight Range 16 Terrain Scan Density 10 Evasion (%) 55 Recoil Reduction 2 Item Schematics ----------------- None Robot Schematics ------------------ None Fabricated ------------ Nothing Repaired ---------- Nothing Alien Tech Used ----------------- None Achievements -------------- None Challenges ------------ None Game ------ Seed ImprovedReflexPrototype Manual? 0 Play Time 00:35:57 Cumulative 16.2 hours Start 2025.06.16 @ 21:39:11 End 2025.06.16 @ 22:12:51 Sessions 1 Manual Loads 0 Difficulty Rogue Special Mode None Game No. 16 Rogue 16 Adventurer 0 Explorer 0 Win Type - Total 2 Types 2/0/0/0/0/0/0/0/0/0 Lore% 12 Gallery% 17 Achievement% 26 Wizard Run 0 Options --------- Layout 0 ASCII 0 Keyboard 1 Movement Vi Keybinds 0 Fullscreen 1 Font 18/SmallcapsGlow Map View 76x50 Zoom Use 0% Tactical HUD 1 Map Filters NONE Filters NONE Steam 1 RUN: 4ddddc09-8c70-4a31-8e32-4ba38516c77e